 Dungeon Crawl Stone Soup version 0.27.0-1-g7a089689b8 (webtiles) character file.

Game seed: 9270702814452447377

83882 inmateoo the Martial Artist (level 15, 0/175 HPs)
             Began as a Gnoll Transmuter on Aug 2, 2021.
             Was the Champion of Cheibriados.
             Slain by a reaper (35 damage)
             ... in a Gauntlet.
             The game lasted 00:41:20 (25056 turns).

inmateoo the Martial Artist (Gnoll Transmuter)     Turns: 25056, Time: 00:41:21

Health: 0/175      AC: 27    Str: 26    XL:     15   Next: 78%
Magic:  9/30       EV:  2    Int: 33    God:    Cheibriados [******]
Gold:   1627       SH:  9    Dex: 33    Spells: 0/36 levels left

rFire    + . .     SeeInvis .     - Unarmed
rCold    . . .     Faith    .   K - +0 buckler
rNeg     + + +     Spirit   .   (armour currently unavailable)
rPois    +         Reflect  .   (helmet currently unavailable)
rElec    .         Harm     .   (cloak currently unavailable)
rCorr    .         Rampage  .   (gloves currently unavailable)
Will     +....     NoTele   +   (boots currently unavailable)
Stlth    ++++++....             (no amulet)
HPRegen  0.39/turn              a - ring of protection from fire
MPRegen  0.22/turn              r - ring of Boidej {Fly Dex+6}

@: lethally poisoned (0 -> -7), tree-form, very slow
A: stationary, stasis, torment immunity, boosted hp, (fangs 1), strong nose,
distributed training
a: Renounce Religion, Bend Time, Temporal Distortion, Slouch, Step From Time


You were in a Gauntlet.
You worshipped Cheibriados.
Cheibriados was exalted by your worship.
You were a tree.
You visited 3 branches of the dungeon, and saw 22 of its levels.
You also visited: Ossuary, Bailey and Gauntlet.

You collected 3617 gold pieces.
You spent 1990 gold pieces at shops.

Inventory:

Missiles
 z - 4 curare-tipped darts (quivered)
 B - 2 throwing nets
Armour
 c - the +3 helmet of Negligence (melded) {+Blink rC+ Stlth+}
   (You bought it in a shop on level 2 of the Orcish Mines)

   rC:        It protects you from cold.
   +Blink:    It lets you blink.
   Stlth:     It makes you more stealthy.
 m - a +3 leather armour of willpower (melded)
 v - the +0 pair of gloves "Emub" (melded) {rElec rF+ rC+ Str+2}
   (You found it on level 2 of the Lair of Beasts)

   Str:       It affects your strength (+2).
   rF:        It protects you from fire.
   rC:        It protects you from cold.
   rElec:     It insulates you from electricity.
 F - a +0 pair of boots (melded)
 I - a +0 cloak of poison resistance (melded)
 K - a +0 buckler (worn)
Jewellery
 a - a ring of protection from fire (left branch)
 f - a ring of willpower
 j - a ring of positive energy
 k - a ring of ice
 r - the ring of Boidej (right branch) {Fly Dex+6}
   (You found it on level 7 of the Dungeon)

   [ring of dexterity]

   Dex:       It affects your dexterity (+6).
   Fly:       It grants you flight.
Wands
 e - a wand of paralysis (15)
 p - a wand of flame (73)
 s - a wand of iceblast (10)
 A - a wand of polymorph (11)
 E - a wand of acid (3)
 M - a wand of mindburst (10)
Scrolls
 g - a scroll of amnesia
 i - 4 scrolls of identify
 n - 2 scrolls of blinking
 u - 2 scrolls of magic mapping
 w - 2 scrolls of fear
 y - a scroll of holy word
 D - 5 scrolls of teleportation
 H - 2 scrolls of summoning
 J - a scroll of fog
 L - 2 scrolls of enchant armour
Potions
 b - a potion of magic
 d - 12 potions of curing
 h - 6 potions of heal wounds
 l - 4 potions of might
 o - 5 potions of brilliance
 q - 2 potions of cancellation
 t - 2 potions of resistance
 G - 5 potions of mutation
Miscellaneous
 x - a lightning rod (4/4)
 N - a phantom mirror (inert)


   Skills:
 + Level 10.6 Fighting
 + Level 10.3 Short Blades
 + Level 10.3 Long Blades
 + Level 10.3 Axes
 + Level 10.3 Maces & Flails
 + Level 10.3 Polearms
 + Level 10.3 Staves
 + Level 10.3 Slings
 + Level 10.3 Bows
 + Level 10.3 Crossbows
 + Level 10.3 Throwing
 + Level 10.3 Armour
 + Level 11.2 Dodging
 + Level 10.3 Stealth
 + Level 10.3 Shields
 + Level 12.0 Unarmed Combat
 + Level 11.3 Spellcasting
 + Level 8.7 Conjurations
 + Level 8.7 Hexes
 + Level 8.7 Summonings
 + Level 8.7 Necromancy
 + Level 8.7 Translocations
 + Level 9.5 Transmutations
 + Level 8.7 Fire Magic
 + Level 8.7 Ice Magic
 + Level 8.7 Air Magic
 + Level 8.7 Earth Magic
 + Level 8.7 Poison Magic
 + Level 11.1 Invocations
 + Level 10.3 Evocations


You couldn't memorise any spells.
You knew the following spells:

 Your Spells              Type           Power      Damage    Failure   Level
a - Beastly Appendage     Tmut           100%       N/A       1%          1
b - Wereblood             Tmut           69%        N/A       1%          2
c - Spider Form           Tmut/Pois      34%        N/A       1%          3
d - Ice Form              Ice/Tmut       68%        N/A       1%          4
e - Ignite Poison         Fire/Tmut/Pois 67%        N/A       1%          3
f - Lee's Rapid Deconstr  Erth           33%        3d18*     1%          5
g - Shadow Creatures      Summ           N/A        N/A       11%         6
h - Borgnjor's Vile Clut  Necr/Erth      33%        N/A       1%          5
i - Storm Form            Tmut/Air       34%        N/A       45%         7

Your spell library contained the following spells:

 Spells                   Type           Power      Damage    Failure   Level
 Foxfire                  Conj/Fire      100%       2x1d9     1%          1
 Sting                    Tmut/Pois      100%       1d8       1%          1
 Blink                    Tloc           N/A        N/A       1%          2
 Corpse Rot               Necr/Air       N/A        N/A       1%          2
 Ensorcelled Hibernation  Hex/Ice        100%       N/A       1%          2
 Static Discharge         Conj/Air       66%        N/A       1%          2
 Sublimation of Blood     Necr           33%        N/A       1%          2
 Conjure Flame            Conj/Fire      66%        6-21      1%          3
 Inner Flame              Hex/Fire       66%        N/A       1%          3
 Mephitic Cloud           Conj/Pois/Air  66%        N/A       1%          3
 Ozocubu's Armour         Ice            66%        N/A       1%          3
 Tukima's Dance           Hex            66%        N/A       1%          3
 Vampiric Draining        Necr           33%        2d10      1%          3
 Dispel Undead            Necr           66%        3d23      1%          4
 Fulminant Prism          Conj/Hex       33%        3d16      1%          4
 Iskenderun's Mystic Bla  Conj/Tloc      66%        2d14      1%          4
 Passage of Golubria      Tloc           N/A        N/A       1%          4
 Sticky Flame             Conj/Fire      66%        2d8       1%          4
 Manifold Assault         Tloc           66%        N/A       1%          5
 Metabolic Englaciation   Hex/Ice        33%        N/A       1%          5
 Yara's Violent Unravell  Hex/Tmut       34%        3d14      1%          5
 Death Channel            Necr           33%        N/A       11%         6
 Simulacrum               Ice/Necr       33%        N/A       11%         6
 Summon Hydra             Summ           33%        N/A       52%         7
 Death's Door             Necr           33%        N/A       100%        9


Dungeon Overview and Level Annotations

Branches:
Dungeon (14/15)            Temple (0/1) D:7            Lair (6/6) D:10
  Swamp (0/4) Lair:4       Spider (0/4) Lair:3          Orc (2/2) D:10
    Elf (0/3) Orc:2       Ossuary (visited)          Bailey (visited)
Gauntlet (1/1)
  Slime: Lair:5-6    Vaults: D:13-14

Altars:
Ashenzari
Cheibriados
Fedhas
Gozag
Kikubaaqudgha
Nemelex Xobeh
Qazlal
Ru
Trog
Wu Jian
Xom
Yredelemnul
Beogh
Jiyva

Shops:
D:8 *   D:9 (   Orc:2 (:[[!

Annotations:
D:7 3 runed translucent doors, Suckerboh's ghost, novice DECj
D:12 Rupert
Lair:3 3 runed translucent doors, Dikli's ghost, journeyman MiBe
Lair:5 1 runed translucent door, exclusion: oklob plant, Jeban's ghost, journeyman OpFi
Lair:6 1 runed translucent door, bidolon's ghost, journeyman GrFi Gauntlet 9 transporters


Innate Abilities, Weirdness & Mutations

You are a tree.
Your roots penetrate the ground, keeping you stationary.
You cannot be teleported.
You are immune to unholy pain and torment.
Your maximum health is greatly increased.
Your equipment is partially melded.
((You have very sharp teeth.))
Your uncanny sense of smell can sniff out nearby items.
Your experience applies equally to all skills.


Message History

You no longer feel resistant to poison.
You feel less strong-willed.
Your roots penetrate the ground.
The hellwing gives a chilling moan.
The reaper shouts, "You must die NOW!"
The reaper hits you but does no damage. You block the hellwing's attack. x2
You barely miss the reaper.
The reaper is lightly wounded.
The hellwing hits you.
* * * LOW HITPOINT WARNING * * *
The hellwing hits you but does no damage.
The reaper hits you but does no damage.
You pummel the reaper!!
The reaper is heavily wounded.
The hellwing hits you but does no damage.
You block the hellwing's attack. x2; The hellwing hits you.
* * * LOW HITPOINT WARNING * * *
You hit the reaper but do no damage.
The reaper is heavily wounded.
The reaper hits you with a +0 scythe of venom!!
* * * LOW HITPOINT WARNING * * *
You block the hellwing's attack.
The hellwing hits you but does no damage.
The white imp summons a swarm of flies.
The hellwing hits you but does no damage.
You block the hellwing's attack.
You feel much better. You block the reaper's attack.
You block the hellwing's attack.
The hellwing hits you but does no damage. x3
You feel much better.
The reaper hits you with a +0 scythe of venom!
* * * LOW HITPOINT WARNING * * *
You are poisoned.
The hellwing hits you.
* * * LOW HITPOINT WARNING * * *
You block the hellwing's attack. The hellwing hits you!
* * * LOW HITPOINT WARNING * * *
You block the hellwing's attack.
You can feel time thicken for a moment.
You feel sick.
The reaper hits you with a +0 scythe of venom!!
You die...

###.##.##.##.##.###
#§...............≈#
####8.8.8..©.©..8.8.8####
#8##≈...............≈##8#
############################
...........≈∩≈............≈#
...........................#
###########...###########..###
#....©.!.4#...##♣4"©$!.##..#8#
#.^##.##^5#...#4#2....#.#..###
#.##.^.##5#...#.h#...#..#..#
#^#.....#.#...#...#.#...#..###
#....©....#...#....#....#..#8#
#.#.....#.#...#...#h#...#..###
#.##..^##.#...#..#h..#..#..#
#.^##.##^.#...#.#..gh.#.#..###
#.........#...##.......##..#8#


You could see a reaper, 2 hellwings and 2 white imps.

Vanquished Creatures
  Josephine (D:12)
  3 hydras
  A boulder beetle (D:9)
  4 catoblepae
  7 two-headed ogres
  A nameless horror (Lair:5)
  2 tengu warriors
  8 death yaks
  3 orc high priests (Orc:2)
  Nergalle (D:10)
  A fire crab (shapeshifter) (D:12)
  6 skeletal warriors
  5 orc knights
  An oklob plant (Lair:4)
  A deep elf pyromancer (D:12)
  An ugly thing (D:9)
  5 orc sorcerers
  A wolf spider (Lair:3)
  6 slime creatures
  3 cyclopes
  9 elephants (Lair:6)
  Maurice (D:12)
  7 black mambas
  A molten gargoyle (Gauntlet)
  2 centaur zombies
  21 cane toads
  A torpor snail (Lair:4)
  2 rime drakes
  12 komodo dragons
  A troll (Orc:2)
  A tengu conjurer (D:14)
  5 hornets
  5 polar bears
  13 blink frogs
  9 dream sheep
  5 wraiths (D:12)
  A shadow (D:13)
  12 yaks
  12 spriggans (Lair:6)
  2 wyverns
  7 basilisks
  6 vampire mosquitoes (D:13)
  2 steam dragons
  A warg (Orc:2)
  4 swamp worms (Lair:2)
  Edmund (D:5)
  16 water moccasins
  2 acid dragons (D:13)
  5 black bears (Lair:6)
  34 orc warriors
  A necrophage (D:8)
  35 wolves
  An ice beast (D:7)
  4 ogres
  4 boggarts (Lair:6)
  2 phantoms
  3 centaurs
  2 kobold brigands
  2 elf zombies (Ossuary)
  A wyvern zombie (D:7)
  12 bullfrogs
  3 scorpions (D:5)
  A water moccasin skeleton (D:5)
  3 wights (D:9)
  9 howler monkeys
  3 electric eels
  A bullfrog zombie (D:6)
  A jelly (D:4)
  10 orc priests
  2 centaur skeletons
  A gnoll shaman (D:7)
  3 iguanas
  21 orc wizards
  A killer bee zombie (D:7)
  2 mummies (Ossuary)
  A howler monkey zombie (D:9)
  5 adders
  15 gnolls
  A howler monkey skeleton (D:7)
  A white imp (D:7)
  3 ufetubi
  4 adder zombies (Ossuary)
  An adder skeleton (D:3)
  4 worms
  A dart slug (D:2)
  78 orcs
  4 ball pythons
  3 endoplasms
  A giant cockroach (D:2)
  21 hobgoblins
  6 jackals
  2 quokkas
  2 frilled lizards (D:1)
  32 goblins
  11 hobgoblin zombies (Ossuary)
  14 kobolds
  12 kobold zombies (Ossuary)
  4 orc zombies (Ossuary)
  2 rats
  2 rat zombies (Ossuary)
  10 briar patches (Lair:2)
629 creatures vanquished.

Vanquished Creatures (collateral kills)
  An orc warlord (Bailey)
  A two-headed ogre (D:11)
  2 skeletal warriors (D:13)
  An orc knight (Orc:2)
  An ugly thing (D:11)
  A gargoyle (Gauntlet)
  A molten gargoyle (Gauntlet)
  A nameless horror (Lair:5)
  A troll (D:11)
  An acid dragon (D:11)
  2 howler monkeys (D:11)
  A human zombie (Ossuary)
  An orc (Bailey)
  2 hobgoblins (Bailey)
  A goblin zombie (Ossuary)
18 creatures vanquished.

Vanquished Creatures (others)
  A bush (Lair:4)
  A demonic plant (Gauntlet)
  43 fungi
  75 plants
120 creatures vanquished.

Grand Total: 767 creatures vanquished

Notes
Turn   | Place    | Note
-------+----------+-------------------------------------------
     0 | D:1      | inmateoo the Gnoll Transmuter began the quest for the Orb.
     0 | D:1      | Reached XP level 1. HP: 17/17 MP: 6/6
   385 | D:1      | Reached XP level 2. HP: 17/23 MP: 5/7
   394 | D:1      | Learned a level 2 spell: Wereblood
   610 | D:1      | Found a faded altar of an unknown god.
   925 | D:2      | Reached XP level 3. HP: 28/28 MP: 9/9
   960 | D:2      | Reached skill level 5 in Spellcasting
   984 | D:2      | Got the Almanac of Venom
  1010 | D:2      | Learned a level 3 spell: Spider Form
  1014 | D:2      | Learned a level 3 spell: Ignite Poison
  1071 | D:2      | Reached skill level 1 in Invocations
  1152 | D:2      | Reached skill level 1 in Short Blades
  1152 | D:2      | Reached skill level 1 in Long Blades
  1152 | D:2      | Reached skill level 1 in Axes
  1152 | D:2      | Reached skill level 1 in Maces & Flails
  1152 | D:2      | Reached skill level 1 in Polearms
  1152 | D:2      | Reached skill level 1 in Staves
  1152 | D:2      | Reached skill level 1 in Slings
  1152 | D:2      | Reached skill level 1 in Bows
  1152 | D:2      | Reached skill level 1 in Crossbows
  1152 | D:2      | Reached skill level 1 in Throwing
  1152 | D:2      | Reached skill level 1 in Armour
  1152 | D:2      | Reached skill level 1 in Stealth
  1152 | D:2      | Reached skill level 1 in Shields
  1152 | D:2      | Reached skill level 1 in Evocations
  1550 | D:3      | Reached XP level 4. HP: 31/34 MP: 11/11
  1743 | D:3      | Reached skill level 1 in Conjurations
  1743 | D:3      | Reached skill level 1 in Hexes
  1743 | D:3      | Reached skill level 1 in Summonings
  1743 | D:3      | Reached skill level 1 in Necromancy
  1743 | D:3      | Reached skill level 1 in Translocations
  1743 | D:3      | Reached skill level 1 in Fire Magic
  1743 | D:3      | Reached skill level 1 in Ice Magic
  1743 | D:3      | Reached skill level 1 in Air Magic
  1743 | D:3      | Reached skill level 1 in Earth Magic
  1743 | D:3      | Reached skill level 1 in Poison Magic
  1876 | D:3      | Found a broken altar of Ashenzari.
  2025 | D:4      | Reached XP level 5. HP: 40/40 MP: 7/12
  2340 | D:4      | Noticed a water moccasin
  2359 | D:4      | Killed a water moccasin
  2360 | D:4      | Reached skill level 5 in Dodging
  2360 | D:4      | Reached XP level 6. HP: 40/47 MP: 9/14
  2691 | D:4      | Learned a level 4 spell: Ice Form
  3167 | D:5      | Entered Level 5 of the Dungeon
  3218 | D:5      | Reached XP level 7. HP: 35/52 MP: 13/15
  3248 | D:5      | Found a sand-covered staircase.
  3253 | Ossuary  | Entered an ossuary
  3474 | Ossuary  | Reached skill level 7 in Unarmed Combat
  3732 | D:5      | Reached XP level 8. HP: 43/60 MP: 13/16
  3746 | D:5      | Noticed Edmund
  3770 | D:5      | Killed Edmund
  4060 | D:5      | Found a sacrificial altar of Ru.
  4129 | D:5      | Found a snail-covered altar of Cheibriados.
  4140 | D:5      | Found an ancient bone altar of Kikubaaqudgha.
  4161 | D:5      | Became a worshipper of Cheibriados the Contemplative
  4546 | D:6      | Found an opulent altar of Gozag.
  4950 | D:6      | Found a transporter.
  4968 | D:6      | Found a transporter.
  5425 | D:7      | Identified the ring of Boidej {Fly Dex+6}
  5560 | D:7      | Found a blossoming altar of Fedhas.
  5582 | D:7      | Noticed a two-headed ogre
  5588 | D:7      | Killed a two-headed ogre
  5589 | D:7      | Reached skill level 5 in Fighting
  5589 | D:7      | Reached skill level 5 in Transmutations
  5589 | D:7      | Reached XP level 9. HP: 66/68 MP: 15/18
  5601 | D:7      | Found a sparkling altar of Nemelex Xobeh.
  5723 | D:7      | Reached * piety under Cheibriados
  5860 | D:7      | Found a staircase to the Ecumenical Temple.
  5974 | D:7      | Found a runed translucent gate.
  5974 | D:7      | Found a runed translucent gate.
  5974 | D:7      | Found a runed translucent gate.
  5974 | D:7      | Noticed Suckerboh's ghost (novice DECj)
  5977 | D:7      | Found a basalt altar of Yredelemnul.
  6563 | D:8      | Reached skill level 8 in Unarmed Combat
  6612 | D:8      | Found Qafaov's General Store.
  6621 | D:8      | Bought a potion of curing for 39 gold pieces
  6621 | D:8      | Bought a wand of iceblast (8) for 156 gold pieces
  6671 | D:8      | Found a flagged portal.
  6685 | Bailey   | Entered a bailey
  6746 | Bailey   | Reached skill level 5 in Invocations
  6772 | Bailey   | Reached ** piety under Cheibriados
  6803 | Bailey   | Noticed an orc knight
  6828 | Bailey   | Killed an orc knight
  6829 | Bailey   | Reached XP level 10. HP: 53/74 MP: 17/20
  6843 | Bailey   | Reached skill level 5 in Short Blades
  6843 | Bailey   | Reached skill level 5 in Long Blades
  6843 | Bailey   | Reached skill level 5 in Axes
  6843 | Bailey   | Reached skill level 5 in Maces & Flails
  6843 | Bailey   | Reached skill level 5 in Polearms
  6843 | Bailey   | Reached skill level 5 in Staves
  6843 | Bailey   | Reached skill level 5 in Slings
  6843 | Bailey   | Reached skill level 5 in Bows
  6843 | Bailey   | Reached skill level 5 in Crossbows
  6843 | Bailey   | Reached skill level 5 in Throwing
  6843 | Bailey   | Reached skill level 5 in Armour
  6843 | Bailey   | Reached skill level 5 in Stealth
  6843 | Bailey   | Reached skill level 5 in Shields
  6843 | Bailey   | Reached skill level 5 in Evocations
  7029 | Bailey   | Reached *** piety under Cheibriados
  7143 | Bailey   | Noticed an orc warlord
  7153 | Bailey   | Killed an orc warlord
  7292 | D:8      | Acquired 1137 gold pieces
  7827 | D:8      | Found an ornate altar of the Wu Jian Council.
  7892 | D:9      | Noticed a two-headed ogre
  7905 | D:9      | Killed a two-headed ogre
  7940 | D:9      | Reached skill level 9 in Unarmed Combat
  7940 | D:9      | Reached skill level 5 in Conjurations
  7940 | D:9      | Reached skill level 5 in Hexes
  7940 | D:9      | Reached skill level 5 in Summonings
  7940 | D:9      | Reached skill level 5 in Necromancy
  7940 | D:9      | Reached skill level 5 in Translocations
  7940 | D:9      | Reached skill level 5 in Fire Magic
  7940 | D:9      | Reached skill level 5 in Ice Magic
  7940 | D:9      | Reached skill level 5 in Air Magic
  7940 | D:9      | Reached skill level 5 in Earth Magic
  7940 | D:9      | Reached skill level 5 in Poison Magic
  7940 | D:9      | Reached XP level 11. HP: 77/84 MP: 21/23
  7981 | D:9      | Found a stormy altar of Qazlal.
  8063 | D:9      | Reached XP level 12. HP: 72/91 MP: 20/24
  8167 | D:9      | Noticed a tengu warrior
  8177 | D:9      | Killed a tengu warrior
  8296 | D:9      | Reached **** piety under Cheibriados
  8298 | D:9      | Noticed a boulder beetle
  8313 | D:9      | Killed a boulder beetle
  8404 | D:9      | Found Ymiowk's Weapon Emporium.
  8981 | D:10     | Entered Level 10 of the Dungeon
  9071 | D:10     | Found a bloodstained altar of Trog.
  9099 | D:10     | Found a staircase to the Orcish Mines.
  9255 | D:10     | Reached ***** piety under Cheibriados
  9336 | D:10     | Noticed a two-headed ogre
  9353 | D:10     | Killed a two-headed ogre
  9460 | D:10     | Found a shimmering altar of Xom.
  9504 | D:10     | Noticed Nergalle
  9521 | D:10     | Killed Nergalle
  9613 | D:10     | Noticed a two-headed ogre
  9622 | D:10     | Killed a two-headed ogre
  9661 | D:10     | Found a staircase to the Lair.
  9910 | D:11     | Noticed a two-headed ogre
  9913 | D:11     | Killed a two-headed ogre
  9914 | D:11     | Reached skill level 10 in Unarmed Combat
 10295 | D:11     | Learned a level 5 spell: Lee's Rapid Deconstruction
 10609 | D:11     | Noticed Sonja
 10611 | D:11     | Noticed Sonja
 10611 | D:11     | Sonja changed into Sonja the hornet
 10618 | D:11     | Killed Sonja the hornet
 10896 | D:12     | Noticed Josephine
 10902 | D:12     | Killed Josephine
 10937 | D:12     | Noticed Maurice
 10948 | D:12     | Killed Maurice
 10949 | D:12     | Reached XP level 13. HP: 98/98 MP: 26/26
 11146 | D:12     | Noticed Rupert
 11470 | Lair:1   | Entered Level 1 of the Lair of Beasts
 12457 | Lair:2   | Found a transporter.
 12521 | Lair:2   | Found a transporter.
 13221 | Lair:2   | Reached ****** piety under Cheibriados
 13526 | Lair:2   | Identified the +0 pair of gloves "Emub" {rElec rF+ rC+
                  | Str+2}
 14102 | Lair:3   | Found a runed translucent gate.
 14102 | Lair:3   | Found a runed translucent gate.
 14102 | Lair:3   | Found a runed translucent gate.
 14114 | Lair:3   | Found a viscous altar of Jiyva.
 14114 | Lair:3   | Noticed Dikli's ghost (journeyman MiBe)
 14114 | Lair:3   | Noticed a quicksilver ooze
 14265 | Lair:3   | Reached skill level 10 in Spellcasting
 14265 | Lair:3   | Found a hole to the Spider Nest.
 14502 | Lair:4   | Found a staircase to the Swamp.
 14868 | Lair:4   | Reached XP level 14. HP: 70/108 MP: 25/28
 15103 | Lair:4   | You are sucked into a shaft and drop 1 floor!
 15127 | Lair:5   | Reached skill level 10 in Dodging
 15518 | Lair:4   | Reached skill level 11 in Unarmed Combat
 15993 | Lair:4   | Found the +8 mithril axe "Arga" {speed, Will+}
 16127 | Lair:5   | Found a runed translucent door.
 16128 | Lair:5   | Noticed Jeban's ghost (journeyman OpFi)
 16129 | Lair:5   | Identified the +8 spear "Tuesuag" {antimagic, Dex+4}
 16317 | Lair:5   | HP: 2/108 [death yak (25)]
 17149 | Lair:5   | Learned a level 6 spell: Shadow Creatures
 17456 | Lair:6   | Entered Level 6 of the Lair of Beasts
 17847 | Lair:6   | Found a runed translucent door.
 17855 | Lair:6   | Found a shimmering altar of Xom.
 17855 | Lair:6   | Noticed bidolon's ghost (journeyman GrFi)
 17865 | Lair:6   | Reached skill level 10 in Invocations
 18685 | Lair:6   | Reached skill level 10 in Fighting
 18723 | Lair:6   | Reached XP level 15. HP: 106/115 MP: 29/29
 19771 | Orc:1    | Entered Level 1 of the Orcish Mines
 19933 | Orc:2    | Entered Level 2 of the Orcish Mines
 19946 | Orc:2    | Found a staircase to the Elven Halls.
 20949 | Orc:2    | Found Leruexu's Distillery.
 20994 | Orc:2    | Bought a potion of heal wounds for 75 gold pieces
 20994 | Orc:2    | Bought a potion of resistance for 150 gold pieces
 20994 | Orc:2    | Bought a potion of magic for 120 gold pieces
 20994 | Orc:2    | Bought a potion of curing for 45 gold pieces
 21701 | Orc:2    | Reached skill level 10 in Short Blades
 21701 | Orc:2    | Reached skill level 10 in Long Blades
 21701 | Orc:2    | Reached skill level 10 in Axes
 21701 | Orc:2    | Reached skill level 10 in Maces & Flails
 21701 | Orc:2    | Reached skill level 10 in Polearms
 21701 | Orc:2    | Reached skill level 10 in Staves
 21701 | Orc:2    | Reached skill level 10 in Slings
 21701 | Orc:2    | Reached skill level 10 in Bows
 21701 | Orc:2    | Reached skill level 10 in Crossbows
 21701 | Orc:2    | Reached skill level 10 in Throwing
 21701 | Orc:2    | Reached skill level 10 in Armour
 21701 | Orc:2    | Reached skill level 10 in Stealth
 21701 | Orc:2    | Reached skill level 10 in Shields
 21701 | Orc:2    | Reached skill level 10 in Evocations
 22000 | Orc:2    | Found Xousaevoke's Antique Weapon Shop.
 22005 | Orc:2    | Found Jeodac's Armour Emporium.
 22009 | Orc:2    | Found Wakh's Antique Armour Emporium.
 22011 | Orc:2    | Found Umnank's Book Shop.
 22048 | Orc:2    | Bought a buzzing helmet for 313 gold pieces
 22048 | Orc:2    | Identified the +3 helmet of Negligence {+Blink rC+ Stlth+}
                  | (You bought it in a shop on level 2 of the Orcish Mines)
 22055 | Orc:2    | Bought Reoc Humesk's Compendium of Dark Contamination for
                  | 650 gold pieces
 22055 | Orc:2    | Bought an Inescapable Atlas for 442 gold pieces
 22061 | Orc:2    | Learned a level 5 spell: Borgnjor's Vile Clutch
 22069 | Orc:2    | Learned a level 7 spell: Storm Form
 24578 | D:14     | Found a gate leading to a gauntlet.
 24594 | Gauntlet | Entered a Gauntlet
 24594 | Gauntlet | Found a transporter.
 24594 | Gauntlet | Found a transporter.
 24597 | Gauntlet | Found a transporter.
 24598 | Gauntlet | Found a transporter.
 24608 | Gauntlet | Found a transporter.
 24675 | Gauntlet | Found a transporter.
 24687 | Gauntlet | Found a transporter.
 24700 | Gauntlet | Found a transporter.
 24712 | Gauntlet | Found a transporter.
 24725 | Gauntlet | Found a transporter.
 24731 | Gauntlet | Found a transporter.
 24752 | Gauntlet | Found a transporter.
 24840 | Gauntlet | Reached skill level 12 in Unarmed Combat
 24840 | Gauntlet | Identified the +0 cloak of a volcano {Harm Str-2 Int+4
                  | Dex+4}
 25056 | Gauntlet | Slain by a reaper

Illustrated notes

Levels and vault maps discovered:
D:1:      lightli_arrival_statuegarden, layout_rooms,
          dilly_ecumenical_altar_fadedgnrine, minmay_misc_feat_diagonals
D:2:      layout_basic, hangedman_glass_garden
D:3:      layout_rooms, mainiacjoe_overflow_surrounded_room,
          nicolae_overflow_hidden_temple, minmay_misc_feat_secret_circle
D:4:      layout_basic
D:5:      layout_loops_ring, nicolae_kikubaaqudgha_miasma_corner,
          mainiacjoe_overflow_brackets, cheibriados_altar_1, enter_ossuary_2,
          hangedman_decor_lopped, uniq_edmund
D:6:      gammafunk_steamed_eel, layout_loops_corners, grunt_gozag_statues
D:7:      layout_basic, lemuel_round_altar, mainiacjoe_overflow_paths,
          nicolae_yredelemnul_ghost_church, minmay_temple_entry_glass
D:8:      layout_gridville, nicolae_wu_jian_glorious_leap, serial_shops,
          nicolae_diamond_shop, enter_bailey_4
D:9:      minmay_blocky_corners, layout_long_grid,
          nicolae_qazlal_eye_of_the_storm, serial_shops, shop_statue
D:10:     layout_loops_ring, mainiacjoe_overflow_chevrons, xom_teletrap_fun,
          lair_entry_dummy, orc_0_dummy, special_room [special_room_orc],
          minivault_11, uniq_nergalle
D:11:     layout_rooms, minmay_misc_feat_columns, uniq_sonja
D:12:     layout_gridville, minmay_misc_feat_chi, uniq_josephine, uniq_rupert,
          uniq_maurice
D:13:     layout_loops_ring
D:14:     layout_long_grid, david_vaults_5, gauntlet_entry_generic
Lair:1:   layout_hall_layers, st_stairs_10
Lair:2:   gammafunk_worm_tunnel, layout_loops_ring, minmay_shattered_shrine
Lair:3:   layout_cave_shapes, spider_nest_entry_rubble, gammafunk_ghost_ooze
Lair:4:   layout_concentric_octagons, swamp_mist, wad_woods_road_02,
          grunt_megastairs_2
Lair:5:   layout_regular_city, minmay_slime_entry_oklob_enclosed,
          ebering_ghost_funeral_grove, nicolae_lair_yak_garden,
          infiniplex_staircase_pool, lemuel_fruit_fields
Lair:6:   minmay_lair_end_enchanted_forest, layout_small_grid,
          ebering_ghost_xom, chequers_serial_rivers_marsh
Orc:1:    layout_caves
Orc:2:    st_orc_elflike, layout_diamond_mine, basic_altar, serial_shops,
          nicolae_shop_window_shopping, mines2_david
Gauntlet: gammafunk_gauntlet_shortcut [gammafunk_gauntlet_arena_arrow_garden,
          nicolae_gauntlet_arena_x, gammafunk_gauntlet_arena_mazey,
          nicolae_gauntlet_swirl, nicolae_gauntlet_arena_blocks,
          gammafunk_gauntlet_arena_split_diamond, gauntlet_exit_green]

Skill      XL: |  1  2  3  4  5  6  7  8  9 10 11 12 13 14 15 |
---------------+----------------------------------------------+-----
Spellcasting   | 5 6 7 8 9 10 11 | 11.3
Invocations    | 1 2 3 4 5 7 8 9 10 11 | 11.1
Short Blades   | 1 2 4 6 7 8 9 10 | 10.3
Long Blades    | 1 2 4 6 7 8 9 10 | 10.3
Axes           | 1 2 4 6 7 8 9 10 | 10.3
Maces & Flails | 1 2 4 6 7 8 9 10 | 10.3
Polearms       | 1 2 4 6 7 8 9 10 | 10.3
Staves         | 1 2 4 6 7 8 9 10 | 10.3
Slings         | 1 2 4 6 7 8 9 10 | 10.3
Bows           | 1 2 4 6 7 8 9 10 | 10.3
Crossbows      | 1 2 4 6 7 8 9 10 | 10.3
Throwing       | 1 2 4 6 7 8 9 10 | 10.3
Armour         | 1 2 4 6 7 8 9 10 | 10.3
Stealth        | 1 2 4 6 7 8 9 10 | 10.3
Shields        | 1 2 4 6 7 8 9 10 | 10.3
Evocations     | 1 2 4 6 7 8 9 10 | 10.3
Conjurations   | 1 2 3 4 5 6 7 8 |  8.7
Hexes          | 1 2 3 4 5 6 7 8 |  8.7
Summonings     | 1 2 3 4 5 6 7 8 |  8.7
Necromancy     | 1 2 3 4 5 6 7 8 |  8.7
Translocations | 1 2 3 4 5 6 7 8 |  8.7
Fire Magic     | 1 2 3 4 5 6 7 8 |  8.7
Ice Magic      | 1 2 3 4 5 6 7 8 |  8.7
Air Magic      | 1 2 3 4 5 6 7 8 |  8.7
Earth Magic    | 1 2 3 4 5 6 7 8 |  8.7
Poison Magic   | 1 2 3 4 5 6 7 8 |  8.7
Fighting       | 3 5 7 8 9 10 | 10.6
Transmutations | 4 5 6 7 8 9 |  9.5
Dodging        | 5 6 8 9 10 11 | 11.2
Unarmed Combat | 7 8 9 10 11 12 | 12.0

Action                   |  1- 3 |  4- 6 |  7- 9 | 10-12 | 13-15 || total
-------------------------+-------+-------+-------+-------+-------++-------
Melee: Unarmed           |    74 |   112 |   305 |   395 |  1056 ||  1942
       Kick              |    16 |    22 |    31 |     6 |   336 ||   411
       Headbutt          |     6 |    14 |    23 |     6 |   201 ||   250
       Bite              |     5 |    10 |    12 |    37 |   223 ||   287
       Punch             |       |     4 |     6 |    20 |    55 ||    85
Throw: Dart              |       |       |       |       |     3 ||     3
 Cast: Beastly Appendage |    13 |    13 |    14 |     2 |    51 ||    93
       Wereblood         |     1 |    13 |    23 |    14 |    41 ||    92
       Spider Form       |       |     1 |     6 |    13 |       ||    20
       Ice Form          |       |       |     6 |     3 |     2 ||    11
       Shadow Creatures  |       |       |       |       |    13 ||    13
       Lee's Rapid Decon |       |       |       |       |     2 ||     2
       Borgnjor's Vile C |       |       |       |       |     9 ||     9
Invok: Slouch            |       |       |       |       |     6 ||     6
       Temporal Distorti |       |       |       |       |     1 ||     1
 Abil: End Transformatio |       |       |     1 |     2 |       ||     3
Evoke: Wand              |       |       |     3 |     8 |    27 ||    38
       Lightning rod     |       |       |       |     4 |     8 ||    12
       Phantom mirror    |       |       |       |       |     2 ||     2
  Use: Scroll            |     4 |     9 |     7 |     6 |     8 ||    34
       Potion            |       |       |       |     1 |     8 ||     9
 Stab: Sleeping          |     3 |     1 |     3 |     5 |    18 ||    30
       Distracted        |       |     1 |       |     3 |     2 ||     6
       Paralysed         |       |       |       |    23 |    19 ||    42
       Invisible         |       |       |       |       |     1 ||     1
Armor: Robe              |     9 |    13 |    10 |       |       ||    32
       Skin              |       |       |    23 |     5 |    18 ||    46
       Leather armour    |       |       |    11 |    30 |   140 ||   181
Dodge: Dodged            |    41 |    81 |   217 |   331 |   904 ||  1574
Block: Buckler           |       |       |       |       |   305 ||   305
